 Dungeon Crawl Stone Soup version 0.27-a0-1200-g94dc6ad4cf (webtiles) character file.

Game seed: 16356471331265167342

193 27snakeeyes612 the Slasher (level 5, -8/75 HPs)
             Began as a Naga Berserker on June 1, 2021.
             Was a Believer of Trog.
             Killed from afar by an orc wizard (10 damage)
             ... with a puff of flame
             ... on level 3 of the Dungeon.
             The game lasted 00:01:53 (2666 turns).

27snakeeyes612 the Slasher (Naga Berserker)         Turns: 2666, Time: 00:01:54

Health: -8/75      AC: -4    Str: 20    XL:     5   Next: 72%
Magic:  5/5        EV: 10    Int:  7    God:    Trog [**....]
Gold:   87         SH:  0    Dex: 11    Spells: 4/4 levels left

rFire    . . .     SeeInvis +   a - +0 falchion
rCold    . . .     Faith    .   (no shield)
rNeg     . . .     Spirit   .   b - +0 animal skin
rPois    +         Reflect  .   (no helmet)
rElec    .         Harm     .   (no cloak)
rCorr    .         Rampage  .   e - +0 pair of gloves
Will     .....                  (no barding)
Stlth    ..........             (no amulet)
HPRegen  0.22/turn              (no ring)
MPRegen  0.09/turn              (no ring)

@: berserking, corroded, quick
A: AC +1, large, see invisible, deformed body, poison resistance, slowness 2,
spit poison 1, naga tail 1
a: Spit Poison, Renounce Religion, Berserk, Trog's Hand


You were on level 3 of the Dungeon.
You worshipped Trog.
Trog was pleased with you.
You visited 1 branch of the dungeon, and saw 3 of its levels.

You collected 87 gold pieces.

Inventory:

Hand Weapons
 a - a +0 falchion (weapon)
Missiles
 h - 2 javelins
Armour
 b - a +0 animal skin (worn)
 e - a +0 pair of gloves (worn)
Jewellery
 n - a ring of magical power
Scrolls
 c - a scroll of amnesia {unknown}
 d - a scroll of brand weapon {unknown}
 g - a scroll of fog {unknown}
 i - a scroll of enchant armour {unknown}
 j - 4 scrolls of magic mapping {unknown}
 o - a scroll of fear {unknown}
Potions
 f - 2 potions of mutation {unknown}
 k - 3 potions of heal wounds {unknown}
 l - a potion of curing {unknown}
 m - 2 potions of berserk rage {unknown}


   Skills:
 + Level 4.2 Fighting
 + Level 4.2 Long Blades
 + Level 1.6 Armour
 + Level 2.7 Dodging
 + Level 2.1 Stealth


You had 4 spell levels left.
You didn't know any spells.
Your spell library was empty.

Dungeon Overview and Level Annotations

Branches:
Dungeon (3/15)

Altars:


Innate Abilities, Weirdness & Mutations

Your serpentine skin is tough. (AC +1)
You have supernaturally acute eyesight. (SInv)
Armour fits poorly on your strangely shaped body.
Your system is resistant to poisons. (rPois)
You cover ground very slowly.
You can spit poison.
You have a snake-like lower body.


Message History

You are too injured to fight recklessly!
Unknown command.
Abil: Spit Poison
Press: ? - help, Q - select action, (/) - cycle Shift-Dir - straight line, f/p - jelly
Aim: a jelly (almost dead)
The splash of poison hits the jelly.
The jelly completely resists.
The jelly is almost dead.
The jelly barely misses you.
You riposte.
You hit the jelly.
The jelly is almost dead.
The jelly hits you.
You are splashed with acid!
* * * LOW HITPOINT WARNING * * *
A red film seems to cover your vision as you go berserk!
You feel yourself moving faster!
You feel mighty!
You have got your breath back.
The jelly barely misses you.
You hit the jelly but do no damage. The acid corrodes you!
Your hands burn!
* * * LOW HITPOINT WARNING * * *
The jelly is almost dead.
The rat bites you.
* * * LOW HITPOINT WARNING * * *
The jelly hits you.
* * * LOW HITPOINT WARNING * * *
You are splashed with acid!
* * * LOW HITPOINT WARNING * * *
You hit the jelly.
You kill the jelly!
Trog accepts your kill. The rat closely misses you.
Your Stealth skill increases to level 2!
You hit the rat but do no damage. The rat bites you.
* * * LOW HITPOINT WARNING * * *
You slash the rat!
You kill the rat!
Trog accepts your kill.
The orc wizard points at you and mumbles some strange words.
You resist with some effort.
You hit the orc wizard but do no damage.
The orc wizard points at you and mumbles some strange words.
The puff of flame hits you!
You die...

#.##..# ........≈
...#..# ......#
##....# ##....##
...)..# #......#
##.##.#######
#..o...#
#...<.......#
###ro###
#.....#.##..# #†##
#...........#######.#
#....##.###.....@o.K#
#....##.#########o###
#....##........(....#
#######.#########.#.#
#....# #.#.# ######
#.# # #.# #.# #..


You could see an orc wizard (invisible), an orc and a kobold.

Vanquished Creatures
  An ogre (D:3)
  A jelly (D:3)
  2 adders (D:2)
  2 worms
  A dart slug (D:3)
  5 ball pythons
  4 bats
  4 endoplasms
  2 giant cockroaches
  6 goblins
  3 hobgoblins
  3 jackals (D:1)
  4 kobolds
  4 quokkas
  3 frilled lizards
  7 rats
52 creatures vanquished.

Vanquished Creatures (others)
  15 plants (D:3)
15 creatures vanquished.

Grand Total: 67 creatures vanquished

Notes
Turn   | Place    | Note
-------+----------+-------------------------------------------
     0 | D:1      | 27snakeeyes612 the Naga Berserker began the quest for the
                  | Orb.
     0 | D:1      | Reached XP level 1. HP: 21/21 MP: 1/1
   171 | D:1      | Found a faded altar of an unknown god.
   228 | D:1      | Reached XP level 2. HP: 15/28 MP: 2/2
   862 | D:1      | Reached XP level 3. HP: 34/34 MP: 3/3
  1250 | D:2      | Reached ** piety under Trog
  1716 | D:2      | Reached XP level 4. HP: 44/44 MP: 4/4
  2106 | D:3      | Noticed an ogre
  2410 | D:3      | Killed an ogre
  2411 | D:3      | Reached skill level 1 in Stealth
  2411 | D:3      | Reached XP level 5. HP: 50/50 MP: 5/5
  2664 | D:3      | HP: 2/75 [rat (3)]
  2666 | D:3      | Killed from afar by an orc wizard

Illustrated notes

Levels and vault maps discovered:
D:1:      nzn_arrival_water_spiral, layout_rooms,
          hellmonk_ecumenical_altar_zigzags, minmay_unequal
D:2:      layout_basic, corexii_item_surrounded_by_moat
D:3:      wad_lake_hut, layout_basic

Skill      XL: |  1  2  3  4  5 |
---------------+----------------+-----
Dodging        | 2 |  2.7
Fighting       | 4 |  4.2
Long Blades    | 4 |  4.2
Stealth        | 1 2 |  2.1
Armour         | |  1.6

Action                   |  1- 3 |  4- 6 || total
-------------------------+-------+-------++-------
Melee: Falchion          |    61 |    31 ||    92
Invok: Berserk           |       |     2 ||     2
 Abil: Spit Poison       |    28 |    16 ||    44
Armor: Animal skin       |    22 |    10 ||    32
Dodge: Dodged            |    52 |    24 ||    76
       Rpst.: Falchion   |    12 |     4 ||    16

Table legend: (Time is in decaauts)
 A = Elapsed time spent in this place.
 B = Non-inter-level travel time spent in this place.
 C = Inter-level travel time spent in this place.
 D = Time resting spent in this place.
 E = Time spent auto-exploring this place.
 F = Levels seen in this place.
 G = Mean time per level.
                   A        B        C        D        E       F      G
               +--------+--------+--------+--------+--------+-----+--------+
         Total |   3316 |   3172 |    144 |    291 |   2498 |   3 | 1105.3 |
       Dungeon |   3316 |   3172 |    144 |    291 |   2498 |   3 | 1105.3 |
               +--------+--------+--------+--------+--------+-----+--------+

Top non-repeatable levels by time:
     D:1: 1304 daAuts
     D:2: 1301 daAuts
     D:3: 711 daAuts
